 Dungeon Crawl Stone Soup version bcrawl-1.27.3 (webtiles) character file.

Game seed: 8746133797113691623

310323 Freyura the Spear-Bearer (level 10, -22/77 HPs)
             Began as a Merfolk Gladiator on Aug 7, 2020.
             Was a Follower of Ashenzari.
             Killed from afar by Harold (38 damage)
             ... with a bolt of fire
             ... on level 8 of the Dungeon.
             The game lasted 00:24:07 (7494 turns).

Freyura the Spear-Bearer (Merfolk Gladiator)        Turns: 7494, Time: 00:24:08

Health: -22/77     AC: 11    Str: 14      XL:     10   Next: 33%
Magic:  12/12      EV:  8    Int: 13      God:    Ashenzari [*.....]
Gold:   420        SH: 18    Dex: 18 (19) Spells: 9/9 levels left

rFire    . . .     SeeInvis .   a - +1 trident (curse)
rCold    . . .     Gourm    .   L - +2 large shield (curse)
rNeg     + . .     Faith    .   B - +3 leather armour {rN+} (curse)
rPois    .         Spirit   .   c - +2 helmet (curse)
rElec    +         Reflect  +   z - +1 cloak (curse)
rCorr    .         Harm     .   (no gloves)
MR       .....                  (no boots)
Stlth    +++.......             y - +2 amulet of reflection (curse)
HPRegen  0.22/turn              J - ring of insulation
MPRegen  0.13/turn              A - +3 ring of slaying (curse)

@: brilliant, lethally poisoned (-22 -> -30), swift, flying, very quick
A: change form in water, swift swim, stealthy swim
a: Curse Item, Scrying, Renounce Religion


You were on level 8 of the Dungeon.
You worshipped Ashenzari.
Ashenzari was aware of your devotion.
You were not hungry.

You visited 2 branches of the dungeon, and saw 9 of its levels.

You collected 420 gold pieces.

Inventory:

Hand Weapons
 a - a cursed +1 trident (weapon)
Missiles
 d - 4 throwing nets {=f}
Armour
 c - a cursed +2 helmet (worn)
 v - a +2 leather armour of poison resistance
 w - a +0 buckler
 z - a cursed +1 cloak (worn)
 B - a cursed +3 leather armour of positive energy (worn)
 L - a cursed +2 large shield (worn)
Jewellery
 n - an uncursed amulet of magic regeneration
 q - an uncursed ring of magical power
 y - a cursed +2 amulet of reflection (around neck)
 A - a cursed +3 ring of slaying (right hand)
 J - a ring of insulation (left hand)
Wands
 k - a wand of polymorph (7)
 C - a wand of digging (6)
 E - a wand of scattershot (3)
 H - a wand of enslavement (10)
Scrolls
 g - 4 scrolls of amnesia
 h - 2 scrolls of immolation
 j - a scroll of identify
 o - a scroll of magic mapping
 s - 4 scrolls of remove curse
 u - 3 scrolls of fear
 x - 2 scrolls of teleportation
 D - 2 scrolls of fog
Potions
 b - a potion of magic
 f - a potion of lignification
 i - a potion of mutation
 p - a potion of might {unknown}
 t - 4 potions of flight
 F - a potion of ambrosia {unknown}
 G - a potion of brilliance
 I - a potion of agility {unknown}
Comestibles
 e - 17 rations {!d}


   Skills:
 + Level 6.7 Fighting
 * Level 12.3 Polearms
 - Level 2.0 Throwing
 + Level 8.5 Dodging
 + Level 6.8 Stealth
 + Level 5.4 Shields
 + Level 3.5 Evocations


You had 9 spell levels left.
You didn't know any spells.
Your spell library contained the following spells:

 Spells                   Type           Power        Failure   Level  Hunger
 Confuse                  Hex            #.......     100%        3    #####..
 Dazzling Orbs            Conj/Hex       #......      100%        3    #####..
 Petrify                  Tmut/Erth      #.........   100%        4    ######.
 Yara's Violent Unravell  Hex/Tmut       #.........   100%        4    ######.
 Metabolic Englaciation   Hex/Ice        #.........   100%        5    #######
 Mana Rupture             Conj/Hex       #.........   100%        7    #######


Dungeon Overview and Level Annotations

Branches:
Dungeon (8/12)             Temple (1/1) D:5
   Lair: D:7-9          Orc: D:8-11

Altars:
Ashenzari
Cheibriados
Dithmenos
Elyvilon
Fedhas
Gozag
Hepliaklqana
Lugonu
Nemelex Xobeh
Okawaru
Qazlal
Ru
Sif Muna
Uskayaw
Vehumet
Wu Jian
Yredelemnul
Zin
The Shining One

Shops:
D:6 (

Annotations:
D:7 1 runed translucent door, Freyura's ghost, novice GrMo
D:8 3 runed translucent doors, Harold; wpisznazwe's ghost, journeyman FoFi


Message History

You block Harold's attack.
It was a potion of brilliance.
You feel clever all of a sudden.
* * * LOW HITPOINT WARNING * * *
You feel very sick. You block Harold's attack.
It was a potion of curing.
You feel better. You block Harold's attack. Harold blocks your attack.
Harold is lightly wounded.
Harold blocks your attack.
Harold is lightly wounded.
Harold hits you with a +2 trident of venom!
* * * LOW HITPOINT WARNING * * *
You are poisoned.
Harold blocks your attack.
Harold is lightly wounded.
You feel sick. Harold casts a spell at you. The bolt of fire hits you!!!
You die...

......##########.........
....#............##.##.
####.....#...###.# .##
.....#######.# .# ..
..####### #.# .#.#
#.......# ##.###...# #
#######.. #..†..##.#.##
#......#.......#.
####....#@@......
#..........###
#..........# #....#.....#
#...##.....# #...##.....#
#... #.....# ...# #..
#.....# ##...


You could see Harold.

Vanquished Creatures
  The ghost of Maksi666 the Quickloader, a novice HuHu of Okawaru (D:6)
  Pikel (D:5)
  2 centaur skeletons
  A troll (D:8)
  A yak (D:8)
  Menkaure (D:5)
  A hungry ghost (D:7)
  3 water moccasins
  An orc warrior (D:7)
  2 sky beasts
  A slave (D:5)
  An ice beast (D:8)
  A black bear (D:8)
  4 ogres
  A centaur (D:6)
  2 bullfrogs (D:6)
  A gnoll sergeant (D:7)
  A wyvern skeleton (D:7)
  A scorpion (D:4)
  A howler monkey (D:6)
  A bullfrog zombie (D:8)
  4 crimson imps
  A quasit (D:8)
  A hound (D:7)
  A water moccasin simulacrum (D:6)
  A jelly (D:7)
  An orc priest (D:7)
  6 orc wizards
  2 iguanas
  2 worker ants
  4 gnolls (D:7)
  A worker ant zombie (D:7)
  5 adders
  A hound simulacrum (D:6)
  An ooze (D:1)
  4 worms
  4 dart slugs
  2 leopard geckos
  20 orcs
  4 bats
  A giant cockroach (D:3)
  5 goblins
  5 hobgoblins
  8 jackals
  5 quokkas
  2 ball pythons
  A frilled lizard (D:1)
  10 kobolds
  4 rats (D:1)
135 creatures vanquished.

Notes
Turn   | Place    | Note
-------+----------+-------------------------------------------
     0 | D:1      | Freyura the Merfolk Gladiator began the quest for the Orb.
     0 | D:1      | Reached XP level 1. HP: 16/16 MP: 1/1
    90 | D:1      | Reached XP level 2. HP: 22/23 MP: 2/2
   543 | D:1      | Reached skill level 1 in Stealth
   677 | D:1      | Reached skill level 5 in Polearms
  1020 | D:2      | Reached XP level 3. HP: 20/28 MP: 3/3
  2169 | D:3      | Reached XP level 4. HP: 33/34 MP: 4/4
  2391 | D:3      | Reached skill level 6 in Polearms
  2400 | D:3      | Reached XP level 5. HP: 38/41 MP: 5/5
  2514 | D:3      | Reached skill level 1 in Shields
  2572 | D:3      | Found a blossoming altar of Fedhas.
  2584 | D:3      | Found an opulent altar of Gozag.
  3260 | D:4      | Reached skill level 5 in Dodging
  3408 | D:4      | Found an iron altar of Okawaru.
  3697 | D:4      | Noticed an ogre
  3710 | D:4      | HP: 2/41 [ogre/+0 giant club (12)]
  3715 | D:4      | Killed an ogre
  3715 | D:4      | Reached skill level 7 in Polearms
  3715 | D:4      | Reached XP level 6. HP: 19/47 MP: 6/6
  4082 | D:5      | Entered Level 5 of the Dungeon
  4134 | D:5      | Found an ornate altar of the Wu Jian Council.
  4153 | D:5      | Found a staircase to the Ecumenical Temple.
  4169 | D:5      | Noticed a sky beast
  4179 | D:5      | Killed a sky beast
  4179 | D:5      | Reached XP level 7. HP: 46/53 MP: 7/7
  4183 | Temple   | Entered the Ecumenical Temple
  4360 | Temple   | Became a worshipper of Ashenzari the Shackled
  4420 | D:5      | Noticed Pikel
  4447 | D:5      | Killed Pikel
  4447 | D:5      | Reached skill level 8 in Polearms
  4447 | D:5      | Reached XP level 8. HP: 52/61 MP: 8/8
  4569 | D:5      | Noticed Menkaure
  4587 | D:5      | Killed Menkaure
  4587 | D:5      | Reached skill level 9 in Polearms
  4947 | D:6      | Found Qihy's Antique Weapon Emporium.
  4953 | D:6      | Found a shadowy altar of Dithmenos.
  5056 | D:6      | Reached skill level 5 in Fighting
  5109 | D:6      | Reached * piety under Ashenzari
  5218 | D:6      | Reached skill level 10 in Polearms
  5218 | D:6      | Reached skill level 5 in Stealth
  5274 | D:6      | Found a runed translucent gate.
  5274 | D:6      | Found a runed translucent gate.
  5274 | D:6      | Found a runed translucent gate.
  5275 | D:6      | Noticed Maksi666's ghost (novice HuHu)
  5664 | D:7      | Reached XP level 9. HP: 68/68 MP: 9/9
  5688 | D:7      | Reached skill level 1 in Evocations
  5975 | D:7      | Found a runed translucent door.
  5975 | D:7      | Noticed Freyura's ghost (novice GrMo)
  6017 | D:7      | Reached ** piety under Ashenzari
  6342 | D:7      | Reached skill level 11 in Polearms
  6691 | D:6      | Killed Maksi666's ghost
  6702 | D:6      | Reached skill level 5 in Shields
  6702 | D:6      | Reached XP level 10. HP: 26/77 MP: 12/12
  6937 | D:8      | Found a runed translucent gate.
  6937 | D:8      | Found a runed translucent gate.
  6937 | D:8      | Found a runed translucent gate.
  6938 | D:8      | Noticed wpisznazwe's ghost (journeyman FoFi)
  6946 | D:8      | Reached skill level 12 in Polearms
  7152 | D:8      | Noticed Harold
  7494 | D:8      | Killed from afar by Harold

Skill      XL: |  1  2  3  4  5  6  7  8  9 10 |
---------------+-------------------------------+-----
Stealth        | 1 2 3 4 5 6 |  6.8
Polearms       | 5 6 7 8 10 11 12 | 12.3
Fighting       | 3 4 5 6 |  6.7
Shields        | 1 2 3 4 5 |  5.4
Dodging        | 5 6 7 8 |  8.5
Evocations     | 2 3 |  3.5
Throwing       | |  2.0

Action                   |  1- 3 |  4- 6 |  7- 9 | 10-12 || total
-------------------------+-------+-------+-------+-------++-------
Melee: Trident           |   113 |   140 |   295 |   105 ||   653
       Tailslap          |       |     1 |       |       ||     1
Invok: Curse Item        |       |       |     8 |       ||     8
Evoke: Wand              |       |       |       |     2 ||     2
  Use: Scroll            |     5 |     7 |     9 |     1 ||    22
       Potion            |       |     1 |     4 |     4 ||     9
 Stab: Sleeping          |     3 |     7 |    13 |     2 ||    25
       Distracted        |       |     1 |       |       ||     1
  Eat: Chunk             |     6 |     6 |    11 |     3 ||    26
       Ration            |       |     1 |     1 |     1 ||     3
Armor: Leather armour    |    10 |     4 |    41 |    41 ||    96
       Robe              |     4 |     8 |       |       ||    12
Dodge: Dodged            |    58 |    62 |    95 |    33 ||   248
Block: Buckler           |       |     8 |    44 |       ||    52
       Reflection        |       |       |     3 |       ||     3
       Large shield      |       |       |    44 |   112 ||   156
